 Dungeon Crawl Stone Soup version 0.28-a0-512-g960c72b710 (webtiles) character file.

Game seed: 10998469126261644467

38 Lekart the Grave Robber (level 3, 0/28 HPs)
             Began as a Draconian Necromancer on Sept 22, 2021.
             Succumbed to an adder's poison
             ... on level 2 of the Dungeon.
             The game lasted 00:02:08 (2301 turns).

Lekart the Grave Robber (Draconian Necromancer)     Turns: 2301, Time: 00:02:09

Health: 0/28       AC:  6    Str: 10    XL:     3   Next: 25%
Magic:  4/6        EV: 12    Int: 15    God:
Gold:   3          SH:  0    Dex: 12    Spells: 5/6 levels left

rFire   . . .      SeeInvis .     - Unarmed
rCold   . . .      Faith    .   (no shield)
rNeg    . . .      Spirit   .   (armour unavailable)
rPois   .          Reflect  .   (helmet restricted)
rElec   .          Harm     .   (no cloak)
rCorr   .          Rampage  .   (no gloves)
Will    .....                   a - +0 pair of boots
Stlth   ++........              (no amulet)
HPRegen 0.09/turn               (no ring)
MPRegen 0.10/turn               (no ring)

@: lethally poisoned (0 -> -1)
A: AC +5, unfitting armour, cold-blooded
a: no special abilities


You were on level 2 of the Dungeon.
You visited 1 branch of the dungeon, and saw 2 of its levels.

You collected 3 gold pieces.

Inventory:

Armour
 a - a +0 pair of boots (worn)
Potions
 b - a potion of heal wounds {unknown}


   Skills:
 + Level 1.5 Fighting
 + Level 2.2 Dodging
 - Level 1.7 Stealth
 + Level 1.0 Unarmed Combat
 + Level 2.0 Spellcasting
 + Level 4.3 Necromancy


You had 5 spell levels left.
You knew the following spells:

 Your Spells              Type           Power      Damage    Failure   Level
a - Pain                  Necr           56%        1d6       3%          1

Your spell library contained the following spells:

 Spells                   Type           Power      Damage    Failure   Level
 Animate Skeleton         Necr           28%        N/A       3%          1
 Vampiric Draining        Necr           7%         2d7       11%         3
 Animate Dead             Necr           7%         N/A       36%         4
 Agony                    Necr           14%        N/A       71%         5


Dungeon Overview and Level Annotations

Branches:
Dungeon (2/15)

Altars:


Innate Abilities, Weirdness & Mutations

Your plain brown scales are hard. (AC +5)
You cannot fit into any form of body armour.
You are cold-blooded and may be slowed by cold attacks.


Message History

You closely miss the adder.
The adder is almost dead.
You feel sick. The adder closely misses you. The adder bites you.
You are too injured to fight recklessly!
You are too injured to fight recklessly!
You are too injured to fight recklessly!
You hit the adder.
The adder is almost dead.
You feel sick.
You are no longer poisoned.
The adder bites you.
* * * LOW HITPOINT WARNING * * *
You are poisoned.
The adder poisons you!
You hit the adder.
You kill the adder!
You feel sick.
Your Fighting skill increases to level 1!
You hit the dart slug.
The dart slug is lightly wounded.
You feel sick. The dart slug launches a dart at you. The slug dart hits you.
* * * LOW HITPOINT WARNING * * *
Casting: Pain (safe; 3% risk of failure)
Confirm with . or Enter, or press ? or * to list all spells.
Aiming: Pain (safe; 3% risk of failure)
Press: ? - help, Shift-Dir - straight line, f - dart slug
Aim: a dart slug (lightly wounded, chance to affect: 85%)
The dart slug writhes in agony.
* * * LOW HITPOINT WARNING * * *
You feel sick.
Casting: Pain (safe; 3% risk of failure)
Confirm with . or Enter, or press ? or * to list all spells.
Aiming: Pain (safe; 3% risk of failure)
Press: ? - help, Shift-Dir - straight line, f/p - dart slug
Aim: a dart slug (severely wounded, chance to affect: 85%)
The dart slug writhes in agony.
You kill the dart slug!
You die...

## #. #.# # #.#..
. #>..†####.## #.
#@##.⌠.##..
###..##.##..
#......#...
#........#####
...
#...#.#.#....#
#..
#.......#.##.#
#..
###...).....##.#
..
##.........#.##.#
##.
#..........#.##.#
..


There were no monsters in sight!

Vanquished Creatures
  An adder (D:2)
  3 dart slugs
  A ball python (D:1)
  A bat (D:1)
  3 giant cockroaches
  A hobgoblin (D:1)
  6 jackals (D:1)
  A quokka (D:1)
  A frilled lizard (D:1)
  5 kobolds
  A rat (D:1)
24 creatures vanquished.

Notes
Turn   | Place    | Note
-------+----------+-------------------------------------------
     0 | D:1      | Lekart the Draconian Necromancer began the quest for the
                  | Orb.
     0 | D:1      | Reached XP level 1. HP: 14/14 MP: 3/3
   477 | D:1      | Reached XP level 2. HP: 22/22 MP: 5/5
  1424 | D:1      | Reached skill level 1 in Unarmed Combat
  2239 | D:2      | Reached XP level 3. HP: 26/27 MP: 6/6
  2299 | D:2      | Reached skill level 1 in Fighting
  2301 | D:2      | Succumbed to an adder's poison

Illustrated notes

Levels and vault maps discovered:
D:1:      dpeg_arrival_court, layout_basic, nrook_mini_backslash,
          minmay_pentomino_w2
D:2:      layout_basic, grunt_decor_mini_mirrors, uniq_natasha

Skill      XL: |  1  2  3 |
---------------+----------+-----
Dodging        | 2 |  2.2
Unarmed Combat | 1 |  1.0
Fighting       | 1 |  1.5
Stealth        | |  1.7
Spellcasting   | |  2.0
Necromancy     | |  4.3

Action                   || total
-------------------------++-------
Melee: Unarmed           ||   237
       Tailslap          ||    17
 Cast: Pain              ||     3
 Stab: Sleeping          ||     2
Armor: Skin              ||    84
Dodge: Dodged            ||   160

Table legend: (Time is in decaauts)
 A = Elapsed time spent in this place.
 B = Non-inter-level travel time spent in this place.
 C = Inter-level travel time spent in this place.
 D = Time resting spent in this place.
 E = Time spent auto-exploring this place.
 F = Levels seen in this place.
 G = Mean time per level.
                   A        B        C        D        E       F      G
               +--------+--------+--------+--------+--------+-----+--------+
         Total |   2298 |   2258 |     40 |    198 |   1719 |   2 | 1149.0 |
       Dungeon |   2298 |   2258 |     40 |    198 |   1719 |   2 | 1149.0 |
               +--------+--------+--------+--------+--------+-----+--------+

Top non-repeatable levels by time:
     D:1: 2225 daAuts
     D:2: 72 daAuts
